 Dungeon Crawl Stone Soup version 0.32-a0-520-g344ed53f66 (webtiles) character file.

Game seed: 9249128781608110442

270304 hikkokomori the Severer (level 19, -4/154 (163) HPs)
             Began as a Mountain Dwarf Monk on Feb 26, 2024.
             Was the Champion of Beogh.
             Killed from afar by a ghostly deep elf zephyrmancer (27 damage)
             ... with a bolt of lightning
             ... on level 2 of the Elven Halls on Feb 28, 2024.
             The game lasted 02:26:37 (35890 turns).

hikkokomori the Severer (Mountain Dwarf Monk)      Turns: 35890, Time: 02:26:38

HP:   -4/154 (163)  AC: 20    Str: 23    XL:     19   Next: 42%
MP:   0/28          EV: 16    Int: 21    God:    Beogh [******]
Gold: 1507          SH: 16    Dex: 15    Spells: 3/36 levels left

rFire   + . .        b - +9 broad axe "Sylesy" {flame, rPois rF+}
rCold   . . .        U - +0 kite shield
rNeg    . . .        T - +5 ring mail "Doolupam" {Str+3 Slay+3 SInv}
rPois   +            Z - +2 hat of the Bear Spirit {Spirit, Bear, *Rage Will++}
rElec   .            B - +1 cloak
rCorr   .            C - +0 pair of gloves {Dex+3}
SInv    +            H - +0 pair of boots "Viamo" {Regen+ Str+2 Stlth+}
Will    +++..        p - amulet of Porewnik {Reflect Str+3 Int+3 SH+5}
Stlth   ++++         a - ring of Inuyc {rF+ AC+4}
HPRegen 1.25/turn    G - +5 ring of evasion
MPRegen 0.21/turn

%: random rage (20%), reflection, guardian spirit
@: on berserk cooldown, slowed, drained, very slow
A: walk on water, runic magic, artefact enchanting, deformed body, low MP 1,
heat vulnerability 1
}: 2/15 runes: barnacled, gossamer
a: Renounce Religion, Smiting, Recall Apostles, Blood for Blood, Dismiss Nordag,
priest, Dismiss Bolgrim, warrior, Dismiss Beowulf, warrior


You were on level 2 of the Elven Halls.
You worshipped Beogh.
Beogh was exalted by your worship.
You visited 7 branches of the dungeon, and saw 33 of its levels.
You also visited: Sewer, Bailey, Ice Cave and Volcano.

You collected 3155 gold pieces.
You spent 1648 gold pieces at shops.

Inventory:

Hand Weapons
 b - the +9 broad axe "Sylesy" (weapon) {flame, rPois rF+}
   (You bought it in a shop on level 2 of the Orcish Mines)

   rF+:       It protects you from fire.
   rPois:     It protects you from poison
Missiles
 d - 5 javelins
 t - 66 poisoned darts (quivered)
 J - 3 throwing nets
Armour
 A - a +0 pair of boots of flying
 B - a +1 cloak (worn)
 C - a +0 pair of gloves of dexterity (worn)
 F - the +0 plate armour of Dim Light {rF+ Will+ rCorr}
   (You found it on level 5 of the Lair of Beasts)

   rF+:       It protects you from fire.
   Will+:     It increases your willpower.
   rCorr:     It protects you from acid and corrosion.
 H - the +0 pair of boots "Viamo" (worn) {Regen+ Str+2 Stlth+}
   (You acquired it on level 4 of the Lair of Beasts)

   Str+2:     It affects your strength (+2).
   Regen+:    It increases your rate of health regeneration.
   Stlth+:    It makes you more stealthy.
 T - the +5 ring mail "Doolupam" (worn) {Str+3 Slay+3 SInv}
   (You found it on level 6 of the Dungeon)

   Str+3:     It affects your strength (+3).
   Slay+3:    It affects your accuracy & damage with ranged weapons and melee
   (+3).
   SInv:      It lets you see invisible.
 U - a +0 kite shield (worn)
 Z - the +2 hat of the Bear Spirit (worn) {Spirit, Bear, *Rage Will++}
   (You found it on level 12 of the Dungeon)

   Bear:      Going berserk makes the wearer exceptionally tough, and they are
   slowed for a shorter time afterward.
   Will++:    It greatly increases your willpower.
   *Rage:     It berserks you when you make melee attacks (+20% chance).
Jewellery
 a - the ring of Inuyc (left hand) {rF+ AC+4}
   (You acquired it on level 6 of the Dungeon)

   [ring of protection]

   AC+4:      It affects your AC (+4).
   rF+:       It protects you from fire.
 e - a ring of fire
 i - a ring of protection from cold
 p - the amulet of Porewnik (around neck) {Reflect Str+3 Int+3 SH+5}
   (You bought it in a shop on level 2 of the Orcish Mines)

   [amulet of reflection]

   Reflect:   It reflects blocked missile attacks.
   Str+3:     It affects your strength (+3).
   Int+3:     It affects your intelligence (+3).
   SH+5:      It affects your SH (+5).
 G - a +5 ring of evasion (right hand)
 M - a ring of wizardry
Wands
 g - a wand of mindburst (20)
 E - a wand of flame (21)
 K - a wand of charming (16)
 V - a wand of roots (8)
 W - a wand of acid (9)
 X - a wand of digging (13)
Scrolls
 f - a scroll of poison
 h - 4 scrolls of revelation
 k - 4 scrolls of amnesia
 l - 3 scrolls of fear
 m - a scroll of immolation
 n - 3 scrolls of blinking
 q - 4 scrolls of enchant weapon
 w - 3 scrolls of fog
 D - 5 scrolls of vulnerability
 I - 13 scrolls of teleportation
 Q - 9 scrolls of enchant armour
 S - 3 scrolls of summoning
 Y - a scroll of torment
Potions
 c - 10 potions of ambrosia
 j - 6 potions of magic
 o - 12 potions of curing
 s - 9 potions of attraction
 u - 6 potions of heal wounds
 v - 4 potions of brilliance
 x - 6 potions of might
 z - 4 potions of invisibility
 N - 7 potions of haste
 O - 7 potions of cancellation
 P - 8 potions of mutation
 R - 3 potions of enlightenment
Miscellaneous
 r - a phantom mirror (inert)
 y - a sack of spiders
 L - a lightning rod (4/4)


   Skills:
 - Level 13.0 Fighting
 - Level 17.6(18.0) Axes
 - Level 6.0(12.9) Maces & Flails
 - Level 3.0 Throwing
 - Level 8.0 Armour
 + Level 3.5 Dodging
 - Level 6.0 Stealth
 - Level 10.0 Shields
 - Level 9.0 Spellcasting
 - Level 10.0 Conjurations
 - Level 3.0 Hexes
 - Level 5.0 Necromancy
 + Level 4.7 Translocations
 - Level 9.0 Fire Magic
 - Level 9.0 Ice Magic
 - Level 5.0 Air Magic
 + Level 12.6 Earth Magic
 - Level 6.0 Alchemy
 + Level 9.4 Invocations
 + Level 9.9 Evocations


You had 3 spell levels left.
You knew the following spells:

 Your Spells              Type           Power      Damage    Failure   Level
a - Inner Flame           Hex/Fire       34%        N/A       3%          3
b - Ignite Poison         Fire/Alch      40%        N/A       6%          4
c - Petrify               Alch/Erth      48%        N/A       3%          4
d - Blink                 Tloc           58%        N/A       3%          2
e - Stone Arrow           Conj/Erth      100%       3d13      1%          3
f - Freezing Cloud        Conj/Ice/Air   21%        6-21      14%         5
g - Fugue of the Fallen   Necr           30%        N/A       5%          3
h - Vhi's Electric Charg  Tloc/Air       58%        N/A       19%         4
i - Lee's Rapid Deconstr  Erth           29%        3d15*     2%          5

Your spell library contained the following spells:

 Spells                   Type           Power      Damage    Failure   Level
 Apportation              Tloc           58%        N/A       1%          1
 Kiss of Death            Conj/Necr      100%       2d13      1%          1
 Magic Dart               Conj           100%       1d8       1%          1
 Necrotise                Necr           100%       1d9       1%          1
 Sandblast                Erth           100%       2d20      1%          1
 Sting                    Conj/Alch      100%       1d9       1%          1
 Ensorcelled Hibernation  Hex/Ice        68%        N/A       1%          2
 Momentum Strike          Conj/Tloc      80%        3d10      1%          2
 Scorch                   Fire           94%        2d8       1%          2
 Ozocubu's Armour         Ice            47%        N/A       1%          3
 Cigotuvi's Dreadful Rot  Necr/Alch/Air  62%        N/A       2%          2
 Sublimation of Blood     Necr           30%        N/A       2%          2
 Dazzling Flash           Conj/Hex       72%        N/A       2%          3
 Mephitic Cloud           Conj/Alch/Air  38%        N/A       2%          3
 Lesser Beckoning         Tloc           58%        N/A       3%          2
 Summon Ice Beast         Ice/Summ       28%        N/A       6%          3
 Confusing Touch          Hex            22%        N/A       12%         3
 Tukima's Dance           Hex            22%        N/A       12%         3
 Summon Small Mammal      Summ           36%        N/A       14%         1
 Call Imp                 Summ           18%        N/A       21%         2
 Flame Wave               Conj/Fire      49%        2d12      2%          4
 Leda's Liquefaction      Alch/Erth      24%        N/A       3%          4
 Fireball                 Conj/Fire      24%        3d11      8%          5
 Animate Armour           Summ/Erth      72%        N/A       11%         4
 Irradiate                Conj/Alch      21%        3d18      14%         5
 Dispel Undead            Necr           30%        3d14      17%         4
 Arcjolt                  Conj/Air       20%        1d30      17%         5
 Passage of Golubria      Tloc           29%        N/A       21%         4
 Bombard                  Conj/Erth      27%        9d5       21%         6
 Anguish                  Hex/Necr       13%        N/A       26%         4
 Metabolic Englaciation   Hex/Ice        17%        N/A       32%         5
 Cause Fear               Hex            11%        N/A       36%         4
 Curse of Agony           Necr           30%        N/A       43%         5
 Yara's Violent Unravell  Hex/Alch       14%        3d7       52%         5
 Silence                  Hex/Air        13%        N/A       58%         5
 Sculpt Simulacrum        Ice/Alch       20%        N/A       67%         6
 Plasma Beam              Fire/Air       19%        2x1d30    75%         6
 Summon Mana Viper        Hex/Summ       15%        N/A       90%         5
 Ozocubu's Refrigeration  Ice            23%        4d12      96%         7
 Summon Cactus Giant      Summ           4%         N/A       100%        6
 Enfeeble                 Hex            11%        N/A       100%        7
 Monstrous Menagerie      Summ           4%         N/A       100%        7
 Ignition                 Fire           23%        3d8       100%        8
 Lehudib's Crystal Spear  Conj/Erth      27%        10d7      100%        8
 Dragon's Call            Summ           4%         N/A       100%        9
 Polar Vortex             Ice            23%        12d3*     100%        9


Dungeon Overview and Level Annotations

Branches:
Dungeon (15/15)            Temple (1/1) D:5            Lair (5/5) D:8
 Shoals (4/4) Lair:3       Spider (4/4) Lair:3        Slime (0/5) Lair:4
    Orc (2/2) D:11            Elf (2/3) Orc:2        Vaults (0/5) D:14
 Depths (0/4) D:15          Sewer (visited)          Bailey (visited)
  IceCv (visited)         Volcano (visited)

Altars:
Ashenzari
Cheibriados
Dithmenos
Elyvilon
Fedhas
Gozag
Hepliaklqana
Kikubaaqudgha
Makhleb
Nemelex Xobeh
Okawaru
Qazlal
Ru
Sif Muna
Trog
Uskayaw
Vehumet
Wu Jian
Xom
Yredelemnul
Zin
The Shining One
Beogh
Jiyva
Lugonu

Shops:
D:4 (   D:10 [   Orc:2 (:((=(   Elf:1 **

Portals:
Abyss: Lair:5

Annotations:
D:10 2 runed translucent doors, whatisthis's ghost, novice DsGl
D:12 1 runed translucent door
Shoals:4 4 transporters
Orc:1 2 transporters, CougarLife's ghost, journeyman GrEE


Innate Abilities, Weirdness & Mutations

You can walk on water.
Your facial features are unmistakably orcish.
Your spellcasting is much less encumbered by armour.
You can use scrolls of enchantment on lesser artefacts.
Armour fits poorly on your strangely shaped body.
Your magical capacity is low. (-10% MP)
You are vulnerable to heat. (rF-)


Message History

The deep elf annihilator blinks free of the roots.
The deep elf annihilator blinks free!
The deep elf zephyrmancer is engulfed in poison gas.
The deep elf zephyrmancer is poisoned.
Bolgrim is engulfed in poison gas.
Bolgrim is poisoned.
Beowulf is engulfed in poison gas.
Beowulf looks even sicker.
The ghostly deep elf zephyrmancer casts a spell at you.
The bolt of lightning hits you!
The deep elf annihilator is engulfed in poison gas.
The deep elf annihilator looks even sicker.
The deep elf zephyrmancer looks even sicker.
The ghostly deep elf death mage gestures at you while chanting.
The bolt of negative energy hits you!!!
You feel drained.
* * * LOW HITPOINT WARNING * * *
Unknown command.
Unknown command.
Unknown command.
Unknown command.
Unknown command.
Unknown command.
Blink to where?
Press: ? - help, Dir - move target
Okay, then.
Press: ? - help, v - describe, . - travel
Here: a deep elf annihilator, wielding a +0 rapier and wearing a +0 leather armour (poison gas, heavily wounded, very poisoned, target of orcish vengeance)
The floor.
Blink to where?
Press: ? - help, Dir - move target
As you read the scroll of blinking, it crumbles to dust.
Bolgrim hits the ghostly deep elf death mage from afar with a +2 halberd of venom!
Beowulf is engulfed in poison gas.
Beowulf looks even sicker.
Beowulf hits the ghostly deep elf death mage with the +4 dire flail "Gytuc"!
Beowulf burns the ghostly deep elf death mage.
The ghostly deep elf death mage is destroyed!
Beogh accepts your kill.
The ghostly deep elf zephyrmancer gestures at you while chanting.
The bolt of lightning is repelled.
The bolt of lightning hits you!!
You die...

*,,<,,,,***,,,,,,,*,,,,,,,,***
*,,,,,..+......>.....,,,,,,+,,
**,,,,.####.[...(:#..,,,,,,***
**+,,,,.###...........,,,,,,*
**,**,,,#####.#.#.#.#+.,,,,***
**,***,,,#####.######.##*,***
*,** *#.*#####§#####.###*** +**
#.#####§§§###.#### ** ,*
*####§§§§§@§+##### **, ,*
*#☼°§§§§§§§§§#### **,,
,*****###§§§§§§§§§§§#### **,,,
,+,,,,,.'§§§§§§§§§§§#### **,,,,
,*******#§§...§e§§§§#### *,,,,⌠
** #§§§e§o§§§§§#### **,,,, ,**
#§§§§o§§e§§§####* **+,,, *,*****
#.§.§§§§§§§§###.* **,**,,
**+**,**#§#§§§§§§§#+#**,***,****,


You could see a deep elf annihilator (very poisoned, target of vengeance), a
deep elf zephyrmancer (very poisoned, target of vengeance), a ghostly deep elf
zephyrmancer (target of vengeance), the friendly Beowulf the orc apostle (very
poisoned, drained) and the friendly Bolgrim the orc apostle (poisoned).

Vanquished Creatures
  Arachne (Spider:3)
  The ghost of retardedninja the Severer, an adept MDFi of Cheibriados (Shoals:2)
  A kraken (Shoals:4)
  Gastronok (D:12)
  Agnes (D:15)
  A frost giant (IceCv)
  2 emperor scorpions
  2 ghost moths (Spider:4)
  A broodmother (Spider:3)
  A dire elephant (D:15)
  3 spark wasps
  An ettin (Orc:2)
  Josephine (Lair:3)
  A merfolk javelineer (Shoals:4)
  5 merfolk impalers
  6 entropy weavers
  A vault guard (D:14)
  An entropy weaver (shapeshifter) (D:13)
  Erolcha (Orc:1)
  2 merfolk avatars
  6 ogre magi
  2 hydras (Lair:5)
  A jorogumo (Spider:4)
  5 satyrs
  An alligator snapping turtle (Shoals:4)
  9 centaur warriors
  17 two-headed ogres
  8 boulder beetles
  7 merfolk aquamancers (Shoals:4)
  4 dancing weapons
  5 death yaks (IceCv)
  2 radroaches
  3 thrashing horrors (Lair:5)
  7 demonic crawlers
  6 orc high priests
  Sonja (Orc:1)
  An orc apostle (D:13)
  6 deep elf knights
  Urug (D:10)
  3 skysharks
  5 pharaoh ants
  An obsidian statue (Elf:1)
  3 skeletal warriors (D:15)
  2 sun moths
  7 orb spiders
  4 sea snakes
  3 large abominations (Lair:5)
  An arcanist (D:14)
  A slime creature (D:15)
  5 steelbarb worms (Spider:4)
  4 deep elf archers
  3 orc knights
  3 thermic dynamos (Elf:1)
  10 harpies
  6 deep elf zephyrmancers
  11 deep elf pyromancers
  An orc sorcerer (Orc:1)
  12 manticores
  A salamander (D:15)
  A necromancer (D:14)
  An ugly thing (D:13)
  16 wolf spiders
  8 fauns
  3 moths of wrath
  A faun (shapeshifter) (Elf:1)
  5 cyclopes
  6 centaur zombies (D:10)
  3 merfolk sirens
  6 water nymphs
  8 meliai
  3 black mambas
  12 cane toads
  An orange demon (D:10)
  4 torpor snails
  An ice statue (IceCv)
  2 molten gargoyles (Volcano)
  Maggie (D:7)
  5 gargoyles
  An efreet (D:15)
  11 rime drakes
  A cane toad (shapeshifter) (D:15)
  An unseen horror (shapeshifter) (D:13)
  2 unseen horrors
  2 kobold demonologists (D:10)
  Jeremiah (D:6)
  3 ice devils (D:10)
  2 centaur skeletons (D:10)
  A yaktaur (D:12)
  A freezing wraith (D:15)
  3 komodo dragons
  A tengu conjurer (D:12)
  5 trolls
  7 polar bears
  11 merfolk
  Grinder (D:4)
  A troll (shapeshifter) (D:15)
  2 wind drakes (Shoals:4)
  A raiju (Lair:5)
  20 tarantellas
  A meliai zombie (D:10)
  3 dream sheep
  18 blink frogs
  8 snapping turtles
  12 culicivoras
  A spriggan (Lair:5)
  Sigmund (D:4)
  17 jumping spiders
  6 wyverns
  4 water elementals (Shoals:4)
  A ynoxinul (Lair:5)
  37 yaks
  6 wraiths
  4 basilisks
  12 humans (D:14)
  A steam dragon (D:9)
  3 fire elementals (Elf:1)
  6 wargs
  38 redbacks
  7 vampire mosquitoes
  3 chaos spawn
  Edmund (D:5)
  An acid dragon (D:11)
  6 hell hounds (Elf:1)
  10 water moccasins
  2 sky beasts
  A swamp drake (D:11)
  3 laughing skulls
  15 orc warriors
  2 black bears
  3 ice beasts
  10 ogres
  An ogre (shapeshifter) (D:14)
  6 small abominations (Lair:5)
  12 wolves
  3 boggarts (D:15)
  16 centaurs
  4 kobold brigands
  2 brain worms (Sewer)
  12 bullfrogs
  2 gnoll sergeants
  2 scorpions
  6 wights
  11 killer bees
  5 electric eels
  3 howler monkeys
  6 jellies
  6 hounds
  A human zombie (D:10)
  2 gnoll boudas
  Crazy Yiuf (D:6)
  6 orc priests
  An iguana (D:5)
  Natasha (thrice) (D:3)
  11 orc wizards
  A statue (D:5)
  A howler monkey zombie (D:6)
  12 gnolls
  17 adders
  5 river rats
  A shadow imp (D:7)
  A white imp (D:5)
  A howler monkey simulacrum (D:6)
  4 ufetubi (D:7)
  5 dart slugs
  36 orcs
  12 ball pythons
  5 bats
  8 endoplasms
  5 giant cockroaches
  15 goblins
  11 hobgoblins
  15 jackals
  4 quokkas
  5 frilled lizards
  18 kobolds
  8 rats
  4 tentacles (Shoals:4)
936 creatures vanquished.

Vanquished Creatures (collateral kills)
  Mara (Shoals:4)
  A kraken (Shoals:4)
  Donald (Orc:2)
  6 emperor scorpions
  2 ghost moths
  2 broodmothers (Spider:3)
  A formless jellyfish (Shoals:3)
  A deep elf demonologist (Elf:1)
  A deep elf death mage (Elf:2)
  Azrael (Elf:1)
  2 spark wasps (Spider:4)
  2 merfolk impalers
  4 entropy weavers
  A deep elf high priest (Elf:1)
  Snorg (Lair:3)
  2 merfolk javelineers (Shoals:4)
  2 vault guards (D:14)
  An ogre mage (Orc:2)
  4 merfolk avatars
  An alligator snapping turtle (Shoals:1)
  2 boulder beetles
  A centaur warrior (D:12)
  2 jorogumos
  2 merfolk aquamancers (Shoals:4)
  A radroach (Spider:4)
  A two-headed ogre (Orc:2)
  3 demonic crawlers
  An orc high priest (Shoals:3)
  2 deep elf knights
  A thrashing horror (Lair:5)
  A hell knight (Volcano)
  3 sea snakes
  A skyshark (Shoals:2)
  2 skeletal warriors (D:15)
  3 pharaoh ants
  The ghost of Lightli the Basher, a novice CoCK of Xom (D:6)
  An arcanist (D:12)
  A sun moth (Spider:2)
  7 orb spiders
  3 deep elf archers
  7 steelbarb worms
  8 harpies
  5 deep elf pyromancers
  A swamp dragon (shapeshifter) (D:13)
  5 wolf spiders
  A harpy (shapeshifter) (Lair:5)
  4 cyclopes
  An ugly thing (D:11)
  4 deep elf zephyrmancers (Elf:1)
  A necromancer (D:14)
  3 fauns (Shoals:4)
  A moth of wrath (Shoals:2)
  An oklob plant (Orc:1)
  12 manticores
  2 meliai
  2 water nymphs
  A merfolk siren (Shoals:1)
  2 black mambas (Lair:4)
  2 torpor snails (Spider:2)
  3 molten gargoyles (Volcano)
  3 gargoyles
  An unseen horror (D:12)
  A rime drake (Lair:5)
  3 komodo dragons
  A kobold demonologist (D:10)
  2 polar bears
  7 merfolk
  5 trolls
  A polar bear (shapeshifter) (D:15)
  A queen bee (shapeshifter) (D:12)
  A wind drake (Shoals:4)
  6 tarantellas
  8 blink frogs
  A raiju (Lair:5)
  2 snapping turtles (Shoals:2)
  2 dream sheep
  5 culicivoras
  A vampire (D:11)
  2 wraiths (Lair:3)
  A ynoxinul (Lair:5)
  9 jumping spiders
  An air elemental (Elf:2)
  4 water elementals
  2 basilisks
  11 yaks
  2 wargs (Orc:2)
  5 humans (D:14)
  15 redbacks
  A chaos spawn (Lair:5)
  An acid dragon (D:11)
  3 water moccasins
  4 orc warriors
  A boggart (D:15)
  A laughing skull (D:14)
  2 ogres (Orc:2)
  A centaur (D:15)
  7 small abominations (Lair:5)
  A wolf (Lair:3)
  2 bullfrogs
  5 killer bees
  2 howler monkeys (D:9)
  8 orc wizards
  2 howler monkey skeletons (D:6)
  2 adders (D:6)
  3 orcs (Orc:1)
  2 endoplasms (Lair:4)
  5 kobolds
  2 butterflies (D:6)
300 creatures vanquished.

Vanquished Creatures (others)
  10 orc apostles
  A deep elf zephyrmancer (Elf:1)
  A warg (Orc:2)
  An orc warrior (Orc:2)
  A wolf (Lair:3)
  3 orc priests
  2 gnolls
  18 orcs
  6 tentacles (Shoals:4)
43 creatures vanquished.

Grand Total: 1279 creatures vanquished

Notes
Turn   | Place    | Note
-------+----------+-------------------------------------------
     0 | D:1      | hikkokomori the Mountain Dwarf Monk began the quest for the
                  | Orb.
     0 | D:1      | Reached XP level 1. HP: 19/19 MP: 1/1
   183 | D:1      | Reached XP level 2. HP: 23/26 MP: 2/2
   188 | D:1      | Reached skill level 4 in Axes
   271 | D:1      | Reached skill level 1 in Spellcasting
   318 | D:1      | Reached XP level 3. HP: 33/33 MP: 4/4
   326 | D:1      | Learned a level 3 spell: Inner Flame
   330 | D:1      | Found a faded altar of an unknown god.
  1008 | D:2      | Reached skill level 1 in Fire Magic
  1132 | D:2      | Reached XP level 4. HP: 37/40 MP: 6/6
  1413 | D:3      | Found a sparkling altar of Nemelex Xobeh.
  1492 | D:3      | Found a glowing drain.
  1546 | Sewer    | Entered a sewer
  1557 | Sewer    | Reached skill level 5 in Axes
  1557 | Sewer    | Reached XP level 5. HP: 37/46 MP: 7/7
  2081 | Sewer    | Reached skill level 6 in Axes
  2081 | Sewer    | Reached XP level 6. HP: 46/52 MP: 9/9
  2344 | D:3      | Found an ornate altar of the Wu Jian Council.
  2492 | D:3      | Noticed Natasha
  2499 | D:3      | Killed Natasha
  2684 | D:3      | Noticed Natasha
  2691 | D:3      | Killed Natasha
  2718 | D:3      | Learned a level 4 spell: Ignite Poison
  2727 | D:3      | Noticed Natasha
  2735 | D:3      | Killed Natasha
  3016 | D:4      | Reached skill level 5 in Fire Magic
  3016 | D:4      | Reached XP level 7. HP: 59/59 MP: 10/10
  3024 | D:4      | Reached skill level 7 in Axes
  3169 | D:4      | Noticed Grinder
  3192 | D:4      | Killed Grinder
  3297 | D:4      | Found a stormy altar of Qazlal.
  3322 | D:4      | Noticed Sigmund
  3339 | D:4      | Killed Sigmund
  3340 | D:4      | Reached skill level 8 in Axes
  3340 | D:4      | Reached XP level 8. HP: 43/67 MP: 11/11
  3837 | D:4      | Found Tetu's Antique Weapon Shoppe.
  4041 | D:5      | Entered Level 5 of the Dungeon
  4041 | D:5      | Found a staircase to the Ecumenical Temple.
  4050 | D:5      | Noticed Edmund
  4073 | D:5      | Killed Edmund
  4074 | D:5      | Reached skill level 1 in Hexes
  4074 | D:5      | Reached skill level 1 in Alchemy
  4078 | Temple   | Entered the Ecumenical Temple
  4291 | D:5      | Reached skill level 5 in Fighting
  4956 | D:6      | Noticed Jeremiah
  4977 | D:6      | Killed Jeremiah
  5006 | D:6      | Reached skill level 1 in Evocations
  5103 | D:5      | Found a radiant altar of Vehumet.
  5203 | D:5      | Reached XP level 9. HP: 75/75 MP: 14/14
  5208 | D:5      | Learned a level 4 spell: Petrify
  5211 | D:5      | Learned a level 2 spell: Blink
  5356 | D:5      | Reached skill level 1 in Earth Magic
  5479 | D:5      | Found a blossoming altar of Fedhas.
  5605 | D:6      | You fall into a shaft and drop 3 floors!
  5713 | D:9      | Noticed a two-headed ogre
  5727 | D:9      | Killed a two-headed ogre
  5728 | D:9      | Reached skill level 1 in Stealth
  5769 | D:9      | Became a worshipper of Beogh the Shepherd
  5769 | D:9      | Reached * piety under Beogh
  5769 | D:9      | Reached ** piety under Beogh
  5816 | D:9      | Found a flagged portal.
  5875 | Bailey   | Entered a bailey
  6227 | Bailey   | Reached XP level 10. HP: 66/86 MP: 11/16
  6289 | Bailey   | Noticed an orc knight
  6296 | Bailey   | Killed an orc knight
  6297 | Bailey   | Reached skill level 5 in Earth Magic
  6785 | D:7      | Reached skill level 1 in Translocations
  6797 | D:7      | Noticed Maggie
  6819 | D:7      | Killed Maggie
  6942 | D:7      | Reached *** piety under Beogh
  6951 | D:7      | Noticed Nordag
  6981 | D:7      | Anointed Nordag the priest as your apostle
  7368 | D:7      | Found a broken altar of Ashenzari.
  7571 | D:6      | Identified the +5 hammer "Vujuar" {flame, rC+}
  7576 | D:6      | Found a runed translucent door.
  7577 | D:6      | Noticed Crazy Yiuf
  7582 | D:6      | Killed Crazy Yiuf
  7724 | D:6      | Found a shimmering altar of Xom.
  7764 | D:6      | Found a runed translucent gate.
  7764 | D:6      | Found a runed translucent gate.
  7764 | D:6      | Found a runed translucent gate.
  7771 | D:6      | Noticed Lightli's ghost (novice CoCK)
  7950 | D:6      | Found a burning altar of Makhleb.
  7950 | D:6      | Found a white marble altar of Elyvilon.
  8003 | D:6      | Killed Lightli's ghost
  8004 | D:6      | Reached skill level 1 in Armour
  8014 | D:6      | Identified the +4 ring mail "Doolupam" {Str+3 Slay+3 SInv}
  8029 | D:6      | Identified a scroll of acquirement
  8029 | D:6      | Acquired the ring of Inuyc {rF+ AC+4}
  8501 | D:8      | Learned a level 3 spell: Stone Arrow
  8669 | D:8      | Reached skill level 1 in Invocations
  8708 | D:8      | Noticed Oruk
  8719 | D:8      | Anointed Oruk the wizard as your apostle
  8892 | D:8      | Found a staircase to the Lair.
  8943 | D:8      | Reached XP level 11. HP: 83/97 MP: 17/17
  9096 | D:8      | Reached skill level 5 in Alchemy
  9096 | D:8      | Reached **** piety under Beogh
  9185 | D:8      | Found an opulent altar of Gozag.
  9367 | D:8      | Found a shimmering blue altar of Sif Muna.
  9376 | D:8      | Got Sif Muna's Papyrus of Formulae
  9378 | D:8      | Got Sif Muna's Encyclopedia of Quicksand
  9381 | D:8      | Got Sif Muna's Lessons on the Alkahest
  9547 | D:9      | Found a bloodstained altar of Trog.
  9758 | D:10     | Entered Level 10 of the Dungeon
  9808 | D:10     | Found Ziwut's Armour Shop.
  9964 | D:10     | Found a sacrificial altar of Ru.
  9990 | D:10     | Reached skill level 5 in Spellcasting
 10043 | D:10     | Found an iron altar of Okawaru.
 10186 | D:10     | Noticed a sun demon
 10189 | D:10     | Reached skill level 1 in Conjurations
 10317 | D:10     | Noticed Urug
 10326 | D:10     | Your ally Oruk died
 10327 | D:10     | Killed Urug
 10327 | D:10     | Was placed under penance by Beogh
 10328 | D:10     | Reached skill level 5 in Armour
 10328 | D:10     | Reached skill level 5 in Evocations
 10505 | D:10     | Noticed whatisthis's ghost (novice DsGl)
 10506 | D:10     | Noticed a lich
 10507 | D:10     | Noticed an ogre mage
 10507 | D:10     | Noticed a yaktaur captain
 10605 | D:10     | Found a runed translucent door.
 10606 | D:10     | Noticed a necromancer
 10606 | D:10     | Noticed a skeletal warrior
 10623 | D:10     | Bought a +0 pair of gloves of dexterity for 161 gold pieces
 10641 | D:10     | Found a runed translucent door.
 10877 | D:10     | Reached skill level 1 in Maces & Flails
 10969 | D:10     | Found an ancient bone altar of Kikubaaqudgha.
 11001 | D:10     | Was forgiven by Beogh
 11175 | D:10     | Noticed an entropy weaver
 11401 | D:11     | Noticed a green ugly thing
 11408 | D:11     | Killed a green ugly thing
 11409 | D:11     | Reached XP level 12. HP: 76/104 MP: 19/19
 11544 | D:11     | Learned a level 5 spell: Freezing Cloud
 11590 | D:11     | Reached skill level 1 in Throwing
 11650 | D:11     | Found a staircase to the Orcish Mines.
 11696 | D:11     | Reached skill level 5 in Maces & Flails
 12378 | Orc:1    | Entered Level 1 of the Orcish Mines
 12378 | Orc:1    | Noticed Sonja
 12388 | Orc:1    | Reached skill level 1 in Ice Magic
 12399 | Orc:1    | Reached skill level 1 in Air Magic
 12410 | Orc:1    | Killed Sonja
 12808 | Orc:1    | Found a transporter.
 12809 | Orc:1    | Noticed CougarLife's ghost (journeyman GrEE)
 12809 | Orc:1    | Noticed a two-headed ogre
 12809 | Orc:1    | Noticed a two-headed ogre
 12810 | Orc:1    | Identified the +4 great mace "Masaqe Erob" {flame, Dex+2}
 12810 | Orc:1    | Noticed an ettin
 12810 | Orc:1    | Noticed a two-headed ogre
 12811 | Orc:1    | Noticed a two-headed ogre
 12812 | Orc:1    | Noticed a two-headed ogre
 12816 | Orc:1    | Found a transporter.
 13177 | Orc:2    | Entered Level 2 of the Orcish Mines
 13190 | Orc:2    | Found Weust's Weapon Boutique.
 13226 | Orc:2    | Found Nocs's Weapon Emporium.
 13241 | Orc:2    | Found a staircase to the Elven Halls.
 13289 | Orc:2    | Noticed Donald
 13304 | Orc:2    | Killed Donald
 13484 | Orc:2    | Found a dark tunnel.
 13491 | Volcano  | Entered a volcano
 13523 | Volcano  | Reached skill level 1 in Shields
 13574 | Volcano  | Reached ***** piety under Beogh
 14019 | Volcano  | Noticed an orb of fire
 14191 | Volcano  | Noticed an orb of fire
 14457 | Orc:2    | Noticed a two-headed ogre
 14460 | Orc:2    | Killed a two-headed ogre
 14478 | Orc:2    | Anointed Bolgrim the warrior as your apostle
 14697 | Orc:2    | Noticed Saint Roka
 14711 | Orc:2    | Pacified Saint Roka
 14803 | Orc:2    | Noticed a two-headed ogre
 14807 | Orc:2    | Killed a two-headed ogre
 14933 | Orc:2    | Noticed a two-headed ogre
 14940 | Orc:2    | Killed a two-headed ogre
 14941 | Orc:2    | Reached skill level 5 in Shields
 14987 | Orc:2    | Noticed an ettin
 14994 | Orc:2    | Killed an ettin
 14995 | Orc:2    | Noticed an ogre mage
 14996 | Orc:2    | Found Juaschif's Weapon Emporium.
 14996 | Orc:2    | Found Xurifari's Jewellery Shoppe.
 14996 | Orc:2    | Noticed a two-headed ogre
 14996 | Orc:2    | Noticed a two-headed ogre
 14996 | Orc:2    | Noticed a two-headed ogre
 14996 | Orc:2    | Noticed a two-headed ogre
 14997 | Orc:2    | Noticed a two-headed ogre
 15000 | Orc:2    | Killed a two-headed ogre
 15000 | Orc:2    | Your ally Oruk died
 15006 | Orc:2    | Killed a two-headed ogre
 15006 | Orc:2    | Killed a two-headed ogre
 15007 | Orc:2    | Reached XP level 13. HP: 83/111 MP: 1/20
 15015 | Orc:2    | Your ally Nordag died
 15026 | Orc:2    | Your ally Bolgrim died
 15516 | Orc:2    | HP: 3/111 [smoke demon/divine providence[an orc high
                  | priest] (17)]
 15833 | Orc:2    | Found Xeuf's Antique Weapon Shoppe.
 15834 | Orc:2    | Found Ropiqeaf's Book Emporium.
 15944 | Orc:2    | Gained mutation: You are vulnerable to heat. (rF-) [a
                  | neqoxec]
 16018 | Orc:2    | Gained mutation: Your magical capacity is low. (-10% MP) [a
                  | neqoxec]
 16022 | Orc:2    | Gained mutation: Armour fits poorly on your strangely
                  | shaped body. [a neqoxec]
 16543 | Orc:2    | Found a roughly hewn altar of Beogh.
 16649 | Orc:2    | Bought the amulet of Porewnik {Reflect Str+3 Int+3 SH+5}
                  | for 595 gold pieces
 16715 | Orc:1    | Noticed Erolcha
 16724 | Orc:1    | Killed Erolcha
 16860 | Orc:2    | Bought the +4 broad axe "Sylesy" {flame, rPois rF+} for 590
                  | gold pieces
 16966 | Lair:1   | Entered Level 1 of the Lair of Beasts
 16973 | Lair:1   | Reached skill level 5 in Invocations
 17162 | Lair:1   | Reached skill level 9 in Axes
 17350 | Lair:1   | Reached skill level 10 in Fighting
 18104 | Lair:2   | Identified the +4 dire flail "Gytuc" {flame, rF+ rCorr
                  | Int+3}
 18115 | Lair:2   | Your ally Oruk died
 18120 | Lair:2   | Anointed Beowulf the warrior as your apostle
 18797 | Lair:3   | Noticed Snorg
 18803 | Lair:3   | Killed Snorg
 18853 | Lair:3   | Found a staircase to the Shoals.
 18939 | Lair:3   | Found a hole to the Spider Nest.
 18951 | Lair:3   | Reached XP level 14. HP: 122/122 MP: 21/21
 18960 | Lair:3   | Noticed Josephine
 18966 | Lair:3   | Was placed under penance by Beogh
 18973 | Lair:3   | Killed Josephine
 19684 | Lair:4   | Acquired the +0 pair of boots "Viamo" {Regen+ Str+2 Stlth+}
 19685 | Lair:4   | Acquired the +2 hat of Etef {rPois Int+4}
 19739 | Lair:4   | Reached skill level 10 in Axes
 19817 | Lair:4   | Found a frozen archway.
 19845 | IceCv    | Entered an ice cave
 19919 | IceCv    | Reached skill level 11 in Axes
 20138 | IceCv    | Noticed a frost giant
 20146 | IceCv    | Killed a frost giant
 20306 | IceCv    | Reached skill level 12 in Axes
 20657 | IceCv    | Got the Encyclopedia of the Snowflakes
 20670 | IceCv    | Learned a level 3 spell: Fugue of the Fallen
 21001 | Lair:4   | Found a viscous altar of Jiyva.
 21002 | Lair:4   | Found a staircase to the Slime Pits.
 21007 | Lair:4   | Reached skill level 1 in Necromancy
 21010 | Lair:4   | Was forgiven by Beogh
 21024 | Lair:4   | You are sucked into a shaft and drop 1 floor!
 21024 | Lair:5   | Entered Level 5 of the Lair of Beasts
 21706 | Lair:5   | Identified the +0 plate armour of Dim Light {rF+ Will+
                  | rCorr}
 21721 | Lair:5   | Reached skill level 5 in Ice Magic
 21724 | Lair:5   | Reached skill level 5 in Conjurations
 21850 | Lair:5   | Reached XP level 15. HP: 129/129 MP: 22/22
 21883 | Lair:5   | Found a corrupted altar of Lugonu.
 21883 | Lair:5   | Found a one-way gate to the infinite horrors of the Abyss.
 21888 | Lair:5   | Identified the +6 halberd of Valiance {heavy, *Corrode
                  | Will+ Dex+3}
 22721 | D:12     | Noticed Gastronok
 22731 | D:12     | Killed Gastronok
 22811 | D:12     | Reached ****** piety under Beogh
 22820 | D:12     | Identified the +1 short sword of Gozag's Reproof {heavy,
                  | Dex+3}
 22834 | D:12     | Reached skill level 5 in Necromancy
 22874 | D:12     | Found a runed translucent door.
 22994 | D:12     | Found the +2 hat of the Bear Spirit {Spirit, Bear, *Rage
                  | Will++}
 22995 | D:12     | Found the +3 hat of Pondering {ponderous, Will+ MP+10
                  | Int+5}
 22996 | D:12     | Found the +15 Maxwell's patent armour {-Cast -Tele rElec
                  | Will+ rCorr}
 23024 | D:12     | Identified the +4 short sword of Shame {freeze, rPois rC+
                  | Will+ Str-4}
 23493 | D:13     | Your ally Bolgrim died
 23493 | D:13     | Was placed under penance by Beogh
 23583 | D:13     | Found a shimmering altar of Xom.
 23583 | D:13     | Found the +7 mace of Variability {chaos, chaos arc}
 23707 | D:13     | Was forgiven by Beogh
 24329 | D:14     | Identified the +4 flail "Heofon" {pain, *Rage rN+ Str+3
                  | Dex+3}
 24933 | D:14     | Found a gate to the Vaults.
 24943 | D:14     | Your ally Beowulf died
 25152 | D:15     | Entered Level 15 of the Dungeon
 25156 | D:15     | Reached skill level 13 in Axes
 25263 | D:15     | Noticed Agnes
 25270 | D:15     | Killed Agnes
 25500 | D:15     | Reached XP level 16. HP: 116/139 MP: 17/23
 25507 | D:15     | Reached skill level 10 in Shields
 25767 | D:15     | Found a staircase to the Depths.
 26084 | D:15     | Upgraded the game from 0.32-a0-485-g70f7560b1c to
                  | 0.32-a0-520-g344ed53f66
 26298 | Shoals:1 | Entered Level 1 of the Shoals
 26395 | Shoals:1 | Reached skill level 14 in Axes
 27589 | Shoals:2 | Found a transporter.
 27611 | Shoals:2 | Noticed retardedninja's ghost (adept MDFi)
 27624 | Shoals:2 | Found a transporter.
 27652 | Shoals:2 | Killed retardedninja's ghost
 27653 | Shoals:2 | Identified the +0 helmet of Shadows and Fog {Will+ rCorr
                  | Str-4}
 27661 | Shoals:2 | Identified the staff of the Unkillable {rF+ Dex+6 Fire}
 28119 | Shoals:3 | Identified the +2 leather armour "Raull" {rC- Str+3 Stlth+}
 28504 | Shoals:3 | Reached skill level 15 in Axes
 28855 | Shoals:3 | Reached XP level 17. HP: 146/146 MP: 26/26
 29027 | Shoals:4 | Entered Level 4 of the Shoals
 29027 | Shoals:4 | Noticed a kraken
 29039 | Shoals:4 | Killed a kraken
 29186 | Shoals:4 | Got a barnacled rune of Zot
 29212 | Shoals:4 | Found a transporter.
 29221 | Shoals:4 | Found a transporter.
 29252 | Shoals:4 | Noticed Mara
 29261 | Shoals:4 | Reached skill level 10 in Conjurations
 29268 | Shoals:4 | Noticed hikkokomori's illusion
 29279 | Shoals:4 | Killed Mara
 29280 | Shoals:4 | Reached skill level 16 in Axes
 29299 | Shoals:4 | Found a transporter.
 29303 | Shoals:4 | Found a transporter.
 29437 | Shoals:4 | Found a transporter.
 29452 | Shoals:4 | Found a transporter.
 29583 | Shoals:4 | Reached skill level 17 in Axes
 30033 | Shoals:4 | Noticed a kraken
 30043 | Shoals:4 | Your ally Bolgrim died
 30046 | Shoals:4 | Killed a kraken
 30417 | Spider:1 | Entered Level 1 of the Spider Nest
 30958 | Spider:1 | Learned a level 4 spell: Vhi's Electric Charge
 31044 | Spider:1 | Identified the +3 trident "Xeffy" {flame, rF+}
 31337 | Spider:2 | Your ally Beowulf died
 31557 | Spider:2 | Reached XP level 18. HP: 156/156 MP: 27/27
 31682 | Spider:2 | You fall into a shaft and drop 1 floor!
 31714 | Spider:3 | Your ally Nordag died
 31925 | Spider:3 | Noticed Arachne
 31936 | Spider:3 | Killed Arachne
 31948 | Spider:3 | Reached skill level 5 in Air Magic
 33060 | Spider:2 | Learned a level 5 spell: Lee's Rapid Deconstruction
 33270 | Spider:4 | Entered Level 4 of the Spider Nest
 33390 | Spider:4 | Reached skill level 5 in Stealth
 33588 | Spider:4 | Reached skill level 10 in Earth Magic
 34098 | Spider:4 | Identified the +2 hat "Aheocig" {Will+++ Int-3 SInv Stlth+}
 34112 | Spider:4 | Got a gossamer rune of Zot
 34406 | Spider:4 | Reached XP level 19. HP: 163/163 MP: 28/28
 34557 | Spider:4 | Identified the +0 ring mail "Cavoidai" {*Slow rPois rN+++
                  | Int-3}
 35111 | Elf:1    | Entered Level 1 of the Elven Halls
 35177 | Elf:1    | Found Cuiqon's Assorted Antiques.
 35185 | Elf:1    | Bought a wand of mindburst (9) for 302 gold pieces
 35317 | Elf:1    | Noticed Azrael
 35342 | Elf:1    | Killed Azrael
 35419 | Elf:1    | Found a shimmering blue altar of Sif Muna.
 35522 | Elf:1    | Found Ryseasm's Gadget Gallery.
 35885 | Elf:2    | Your ally Nordag died
 35890 | Elf:2    | Killed from afar by a ghostly deep elf zephyrmancer

Illustrated notes

Levels and vault maps discovered:
D:1:      erik_arrival_orb_chamber, layout_rooms, ebering_ecumenical_altar_box
D:2:      cheibrodos_greedy_goblins, layout_basic, dk_noncrumbling_4
D:3:      layout_loops_cross, nemelex_spade_bored_becter,
          pdpol_wu_jian_five_deadly_venoms, portal_sewer_entry_e,
          chequers_serial_rivers_micro_d, minmay_shallow_snake_nest,
          uniq_natasha
D:4:      layout_basic, nicolae_qazlal_general_emergency, serial_shops, shop,
          uniq_grinder, uniq_sigmund
D:5:      minmay_bubble_buster, layout_loops_ring, vehumet_statue,
          fedhas_altar_fruit_tree, minmay_temple_entry_drinking_statues,
          uniq_edmund
D:6:      layout_loops_ring, gammafunk_temple_overflow_elements,
          xom_butterflies, gammafunk_ghost_necromancy, uniq_crazy_yiuf_cottage,
          uniq_jeremiah
D:7:      layout_rooms, lemuel_doored_altar, uniq_maggie
D:8:      layout_loops_cross, marbit_many_paths,
          nicolae_sif_muna_little_library, lair_entry_dummy, minmay_puff
D:9:      layout_cross, mainiacjoe_overflow_paths, enter_bailey_2
D:10:     layout_basic, nicolae_ru_awakened_eye,
          lemuel_mausoleum_altar_kikubaaqudgha, okawaru_gym_becter,
          serial_shops, shop, serial_demonic, serial_demonic_e,
          serial_demonic_d, serial_demonic_e, serial_demonic_b,
          serial_demonic_b, muffindrake_ghost_dual_entry, uniq_urug
D:11:     layout_loops_cross, erik_orc_1, minivault_25
D:12:     minmay_the_grid_triangle_9x9_recursive_3_mashed
          [minmay_the_grid_triangle_9x9_odd_lines,
          minmay_the_grid_triangle_9x9_subtriangle,
          minmay_the_grid_triangle_9x9_windchime,
          minmay_the_grid_triangle_9x9_prize_insulated,
          minmay_the_grid_triangle_9x9_sparse_checkered,
          minmay_the_grid_triangle_9x9_stretched_checkered,
          minmay_the_grid_triangle_9x9_warning,
          minmay_the_grid_triangle_9x9_from_above,
          minmay_the_grid_triangle_9x9_corrupted_corridor],
          layout_irregular_city, uniq_gastronok
D:13:     layout_loops_ring, minmay_misc_feat_room,
          minmay_guarded_unrand_variability
D:14:     layout_loops_cross, grunt_vaults_entry_tiered, grunt_ministairs_3
D:15:     hangedman_depths_entry_try_elsewhere_first, layout_gridville,
          grunt_decor_fettered, skrybe_limestone_x, uniq_agnes
Temple:   nicolae_temple_great_sept
Lair:1:   layout_gridlike, serial_bayou_lagoon_b, infiniplex_staircase_pool_2,
          serial_bayou_shore_a
Lair:2:   hellmonk_destroyed_diamonds, layout_gridlike
Lair:3:   layout_gridlike, shoals_dummy_entry, spider_nest_entry_webs,
          chequers_serial_rivers_micro_c, beast_lair_carwin_5, uniq_josephine,
          uniq_snorg
Lair:4:   layout_long_grid, nicolae_slime_entry_slimehenge, portal_ice_cave_rime
Lair:5:   hellmonk_lair_end_abyssal_woods, layout_loops_ring, minivault_26,
          grunt_megastairs_3
Shoals:1: layout_shoals
Shoals:2: layout_shoals, gammafunk_ghost_berserking_beasts
Shoals:3: layout_shoals, nicolae_shoals_arrival_archipelago
Shoals:4: shoals_end_grunt_garden, layout_shoals, serial_nicolae_subway,
          nicolae_sub_station_stone, nicolae_sub_station_metal,
          nicolae_sub_station_crystal, uniq_mara
Spider:1: layout_spider_delve
Spider:2: layout_spider_delve, nicolae_spider_nook
Spider:3: nicolae_spider_hilbert_zone_6 [nicolae_spider_hilbert_4_sides_1_open,
          nicolae_spider_hilbert_4_sides_1_open,
          nicolae_spider_hilbert_4_sides_1_open,
          nicolae_spider_hilbert_4_sides_1_open,
          nicolae_spider_hilbert_4_sides_1_open,
          nicolae_spider_hilbert_4_sides_1_open,
          nicolae_spider_hilbert_4_sides_1_open], uniq_arachne
Spider:4: grunt_spider_rune_island, hangedman_stitches_earthworm
Orc:1:    layout_caves, gammafunk_ghost_smash, mines3_lemuel, uniq_erolcha,
          uniq_sonja
Orc:2:    st_orc_town, layout_caves, serial_shops, nicolae_shop_hallway_plus,
          nicolae_shop_just_a_little_nook, nicolae_volcano_entry_s_turn,
          regret_index_minedec_guest_junction, uniq_saint_roka, uniq_donald
Elf:1:    eino_elf_arrival_the_gate, layout_geoelf_octagon, serial_shops, shop,
          guppyfry_elf_altar, nicolae_shop_gadgets, uniq_azrael
Elf:2:    elven_hall_of_blades_hangedman_alternative
          [nicolae_blade_entry_crossed_weapons], layout_geoelf_diagonals,
          st_stairs_4

Skill      XL: |  1  2  3  4  5  6  7  8  9 10 11 12 13 14 15 16 17 18 19 |
---------------+----------------------------------------------------------+-----
Axes           | 4 5 6 8 9 12 13 15 17 | 17.6
Spellcasting   | 1 2 3 4 5 6 7 8 9 |  9.0
Fighting       | 4 6 7 9 10 11 12 13 | 13.0
Fire Magic     | 1 2 4 5 7 8 9 |  9.0
Hexes          | 3 |  3.0
Alchemy        | 3 4 5 6 |  6.0
Evocations     | 2 3 7 8 9 |  9.9
Earth Magic    | 4 6 7 11 12 | 12.6
Stealth        | 2 6 |  6.0
Translocations | 2 4 |  4.7
Armour         | 2 5 6 8 |  8.0
Invocations    | 1 2 7 8 9 |  9.4
Conjurations   | 4 5 8 9 10 | 10.0
Maces & Flails | 4 6 |  6.0
Throwing       | 3 |  3.0
Ice Magic      | 4 5 7 8 9 |  9.0
Air Magic      | 4 5 |  5.0
Shields        | 7 9 10 | 10.0
Necromancy     | 4 5 |  5.0
Dodging        | 3 |  3.5

Action                     |  1- 3 |  4- 6 |  7- 9 | 10-12 | 13-15 | 16-18 | 19-21 || total
---------------------------+-------+-------+-------+-------+-------+-------+-------++-------
  Melee: Hand axe          |    66 |   195 |   284 |   200 |    16 |       |       ||   761
         Mace              |       |       |       |   245 |       |       |       ||   245
         War axe           |       |       |       |    21 |    80 |       |       ||   101
         Broad axe         |       |       |       |     1 |   610 |   885 |   142 ||  1638
  Throw: Dart              |       |       |     5 |    17 |     3 |    10 |       ||    35
         Boomerang         |       |       |       |    13 |       |       |       ||    13
         Throwing net      |       |       |       |       |     1 |       |       ||     1
   Cast: Inner Flame       |       |       |     4 |    22 |    14 |       |       ||    40
         Ignite Poison     |       |       |     4 |    25 |     4 |     9 |       ||    42
         Petrify           |       |       |     1 |       |     2 |       |       ||     3
         Blink             |       |       |       |     2 |       |       |       ||     2
         Stone Arrow       |       |       |       |     2 |       |       |       ||     2
         Fugue of the Fall |       |       |       |       |     1 |     2 |     1 ||     4
         Freezing Cloud    |       |       |       |       |     1 |     3 |     3 ||     7
         Lee's Rapid Decon |       |       |       |       |       |     1 |     3 ||     4
 Invoke: Convert to Beogh  |       |       |     1 |       |       |       |       ||     1
         Recruit Apostle   |       |       |       |     3 |     1 |       |       ||     4
         Recall Apostles   |       |       |       |     2 |     4 |     4 |     3 ||    13
         Dismiss Apostle   |       |       |       |       |     1 |       |       ||     1
         Blood for Blood   |       |       |       |       |       |     2 |       ||     2
         Smiting           |       |       |       |       |       |       |     2 ||     2
  Evoke: Wand              |       |       |     6 |    30 |    11 |    10 |     3 ||    60
         Phantom mirror    |       |       |       |       |       |     1 |     1 ||     2
    Use: Scroll            |       |     2 |    14 |     8 |    14 |     2 |     3 ||    43
         Potion            |       |       |     1 |     6 |     6 |     3 |     1 ||    17
   Stab: Invisible         |       |       |     3 |       |       |       |     5 ||     8
         Sleeping          |       |       |       |     2 |     4 |     7 |     2 ||    15
         Distracted        |       |       |       |     7 |     7 |    15 |     4 ||    33
         Petrified         |       |       |       |       |     7 |       |       ||     7
         Petrifying        |       |       |       |       |     2 |       |       ||     2
 Armour: Robe              |    39 |    98 |    92 |    51 |       |       |       ||   280
         Ring mail         |       |    12 |    56 |   273 |   376 |   570 |    65 ||  1352
  Dodge: Dodged            |    67 |   132 |   231 |   374 |   327 |   420 |    53 ||  1604
         Repelled          |       |       |       |       |       |    13 |    17 ||    30
  Block: Other             |       |       |     1 |   135 |    15 |       |       ||   151
         Reflection        |       |       |       |     2 |    44 |    38 |     7 ||    91
         Kite shield       |       |       |       |       |   657 |   829 |    91 ||  1577

Table legend: (Time is in decaauts)
 A = Elapsed time spent in this place.
 B = Non-inter-level travel time spent in this place.
 C = Inter-level travel time spent in this place.
 D = Time resting spent in this place.
 E = Time spent auto-exploring this place.
 F = Levels seen in this place.
 G = Mean time per level.
                   A        B        C        D        E       F      G
               +--------+--------+--------+--------+--------+-----+--------+
         Total |  36349 |  34470 |   1879 |   2677 |  22866 |  37 |  982.4 |
       Dungeon |  14860 |  13968 |    892 |    515 |  10283 |  15 |  990.7 |
        Temple |    164 |    164 |      0 |      0 |    151 |   1 |  164.0 |
          Lair |   4984 |   4522 |    462 |     19 |   3617 |   5 |  996.8 |
        Shoals |   4178 |   4102 |     76 |    318 |   2439 |   4 | 1044.5 |
   Spider Nest |   4579 |   4351 |    228 |    319 |   2545 |   4 | 1144.8 |
  Orcish Mines |   3648 |   3456 |    192 |    568 |   2137 |   2 | 1824.0 |
   Elven Halls |    753 |    725 |     28 |      0 |    432 |   2 |  376.5 |
         Sewer |    658 |    658 |      0 |      0 |    497 |   1 |  658.0 |
        Bailey |    658 |    658 |      0 |    383 |     44 |   1 |  658.0 |
      Ice Cave |    910 |    910 |      0 |    156 |    525 |   1 |  910.0 |
       Volcano |    951 |    951 |      0 |    398 |    195 |   1 |  951.0 |
               +--------+--------+--------+--------+--------+-----+--------+

Top non-repeatable levels by time:
   Orc:2: 2701 daAuts
    D:10: 1604 daAuts
Spider:4: 1476 daAuts
     D:8: 1469 daAuts
Shoals:4: 1254 daAuts
     D:5: 1244 daAuts
     D:3: 1201 daAuts
Shoals:3: 1175 daAuts
    D:11: 1159 daAuts
Spider:3: 1154 daAuts
  Lair:3: 1115 daAuts
  Lair:5: 1086 daAuts
     D:4: 1023 daAuts
  Lair:2: 994 daAuts
Spider:2: 986 daAuts
